 Dungeon Crawl Stone Soup version 0.26-a0-597-gb535b0901c (webtiles) character file.

Game seed: 612629958519278248

0 Lanoc the Sneak (level 1, 0/11 HPs)
             Began as a Spriggan Delver on Sept 5, 2020.
             Slain by an ufetubus (5 damage)
             ... on level 5 of the Dungeon.
             The game lasted 00:00:19 (44 turns).

Lanoc the Sneak (Spriggan Delver)                     Turns: 44, Time: 00:00:20

Health: 0/11       AC:  2    Str:  8    XL:     1   Next: 8%
Magic:  2/2        EV: 18    Int: 11    God:
Gold:   8          SH:  0    Dex: 17    Spells: 0/0 levels left

rFire    . . .     SeeInvis +   a - +0 short sword
rCold    . . .     Faith    .   (shield restricted)
rNeg     . . .     Spirit   .   b - +0 robe
rPois    .         Reflect  .   (helmet restricted)
rElec    .         Harm     .   (no cloak)
rCorr    .                      (gloves unavailable)
MR       .....                  (boots unavailable)
Stlth    ++++......             (no amulet)
HPRegen  0.03/turn              (no ring)
MPRegen  0.08/turn              (no ring)

@: very quick
A: very small, unfitting armour, see invisible, speed 3
a: no special abilities


You were on level 5 of the Dungeon.
You visited 1 branch of the dungeon, and saw 1 of its levels.

You collected 8 gold pieces.

Inventory:

Hand Weapons
 a - a +0 short sword (weapon)
Armour
 b - a +0 robe (worn)
Wands
 g - a wand of digging (3)
Scrolls
 c - a scroll of fog
 d - a scroll of teleportation {unknown}
 e - a scroll of fear
Potions
 f - a potion of haste


   Skills:
 + Level 2.4 Fighting
 - Level 2.1 Short Blades
 + Level 3.0 Dodging
 + Level 7.2 Stealth


You couldn't memorise any spells.
You didn't know any spells.
Your spell library was empty.

Dungeon Overview and Level Annotations

Branches:
Dungeon (5/15)
 Temple: D:4-7

Altars:


Innate Abilities, Weirdness & Mutations

You are very small and have problems with some larger weapons.
You are too small for most types of armour.
You have supernaturally acute eyesight. (SInv)
You cover ground extremely quickly.


Message History

Found a stone staircase leading down.
As you read the scroll of magic mapping, it crumbles to dust.
You feel aware of your surroundings.
You sensed 1 altar, and 1 shop/portal.
Found 17 stones.
You now have 8 gold pieces.
d - a scroll labeled ZODONN DAECS A ball python zombie comes into view.
The helpless ball python zombie fails to defend itself.
You impale the ball python zombie!!
You destroy the ball python zombie!
An ufetubus comes into view.
The ufetubus shouts!
You hit the ufetubus but do no damage.
The ufetubus hits you but does no damage.
The ufetubus hits you. The ufetubus closely misses you. The ufetubus hits you.
You closely miss the ufetubus. The ufetubus closely misses you. x2
You hit the ufetubus but do no damage. The ufetubus hits you.
The ufetubus misses you. The ufetubus completely misses you.
The ufetubus hits you.
You die...

,*,*,,,,,,,,#......##..,***,,,,**
,*,*,,,**,**#.#....#*,,,,,**,,,,,
,*,,,,,**,,...#.####*,*,*,**<***,
,,,,,,,***#####.#*,,,,,,,,,,,,,*,
,,,,,*,*,,,,**#.##,**,*,,***,*,,,
*,,,,,**,**,,*#..#,**,******,,,,,
*,***,**,*#....#.#,**,,,,,,****,*
*,* *,**,*##.###.#,,,,,,,,,**,,,*
*,* *,**,**#,* #@#***********,,,*
,,* *,**,,,,,**#.5......,,,,,,,,*
,****,**,,***,,...######*****,,,,
,**,,,,,,,* *,###.#,,,,,,,,,,,,,*
,**,*,,,*,***,,,,..,,,,,,******,*
,,,,*,,,,<,,*,,**≈≈.≈≈**,*,,,,,,*
,,,,*,,**,,,,,,**≈≈.≈≈**,*,****,*
,*,,*,,****,**,≈≈....,≈≈,*,,,,,,,
,*,,*,,* *,,,,≈≈,,,,,≈≈,*****,,,


You could see an ufetubus.

Vanquished Creatures
  A ball python zombie (D:5)
1 creature vanquished.

Notes
Turn   | Place    | Note
-------+----------+-------------------------------------------
     0 | D:5      | Lanoc the Spriggan Delver began the quest for the Orb.
     0 | D:5      | Reached XP level 1. HP: 11/11 MP: 2/2
    44 | D:5      | Slain by an ufetubus

Illustrated notes

Levels and vault maps discovered:
D:5:      layout_basic, old_standard_altar, cheibrodos_sewer_entry_sluice,
          minmay_misc_feat_chi, uniq_ijyb

Action                   || total
-------------------------++-------
Melee: Short sword       ||     4
  Use: Scroll            ||     1
 Stab: Sleeping          ||     1
Armor: Robe              ||     1
Dodge: Dodged            ||     5

Table legend: (Time is in decaauts)
 A = Elapsed time spent in this place.
 B = Non-inter-level travel time spent in this place.
 C = Inter-level travel time spent in this place.
 D = Time resting spent in this place.
 E = Time spent auto-exploring this place.
 F = Levels seen in this place.
 G = Mean time per level.
                   A        B        C        D        E       F      G
               +--------+--------+--------+--------+--------+-----+--------+
         Total |     28 |     28 |      0 |      0 |      0 |   1 |   28.0 |
       Dungeon |     28 |     28 |      0 |      0 |      0 |   1 |   28.0 |
               +--------+--------+--------+--------+--------+-----+--------+

Top non-repeatable levels by time:
     D:5: 28 daAuts
